Map: Galactic Process LE

Players

Gracz

  • Race: Protoss Protoss
  • League: Bronze

Python - Winner!

  • Race: Protoss Protoss
  • League: Bronze

VOD

Have the link to the VOD?

Description

Time

  • Played on: Sept. 15, 2016, 2:49 p.m.
  • Length: 15:05
Show
View Real Time Build Order
Export as new Build Order

Gracz Protoss 

Build Orders:  

Get SALT Encoding   

  12  0:01  Probe (Chrono Boost)  
  13  0:13  Probe (Chrono Boost)  
  14  0:19  Pylon  
  14  0:47  Gateway  
  14  0:53  Assimilator  
  14  1:01  Gateway  
  14  1:02  Pylon  
  14  1:24  Pylon  
  14  1:26  Probe (Chrono Boost)  
  15  1:36  Probe (Chrono Boost)  
  17  1:47  Probe (Chrono Boost)  
  17  1:49  Cybernetics Core  
  17  1:52  Zealot  
  19  1:57  Probe (Chrono Boost)  
  19  2:00  Zealot  
  22  2:08  Probe (Chrono Boost)  
  23  2:21  Gateway  
  23  2:25  Gateway  
  23  2:55  Warp Gate  
  23  2:57  Robotics Facility  
  23  3:21  Nexus  
  23  3:23  Stalker  
  29  3:58  Assimilator  
  29  4:00  Assimilator  
  29  4:04  Immortal  
  29  4:18  Pylon  
  29  4:20  Pylon  
  29  4:29  Pylon  
  28  4:57  Immortal  
  32  5:04  Probe x2 (Chrono Boost)  
  34  5:14  Probe (Chrono Boost)  
  34  5:16  Probe (Chrono Boost)  
  36  5:25  Probe (Chrono Boost)  
  38  5:28  Probe (Chrono Boost)  
  37  5:35  Probe (Chrono Boost)  
  37  5:40  Probe (Chrono Boost)  
  34  5:52  Probe (Chrono Boost)  
  35  6:06  Stalker x2  
  39  6:12  Robotics Facility  
  39  6:20  Assimilator  
  39  6:21  Probe (Chrono Boost)  
  39  6:22  Stargate, Probe (Chrono Boost)  
  41  6:31  Probe (Chrono Boost)  
  42  6:34  Probe (Chrono Boost)  
  42  6:36  Pylon  
  43  6:40  Pylon  
  43  6:42  Pylon  
  43  6:57  Probe (Chrono Boost)  
  43  6:59  Mothership Core (Chrono Boost)  
  43  7:00  Observer  
  47  7:07  Probe (Chrono Boost)  
  48  7:09  Void Ray  
  52  7:19  Probe (Chrono Boost)  
  53  7:38  Pylon  
  53  7:48  Pylon  
  53  7:52  Pylon  
  53  7:54  Pylon  
  53  7:57  Pylon  
  53  8:00  Pylon  
  53  8:04  Pylon  
  53  8:06  Pylon  
  52  8:23  Pylon  
  52  8:33  Nexus  
  52  8:45  Immortal  
  56  8:50  Stalker x2  
  56  8:51  Stalker x2  
  64  9:03  Pylon  
  64  9:06  Pylon  
  64  9:08  Gateway  
  64  9:09  Gateway  
  64  9:11  Gateway  
  64  9:29  Stalker x3  
  64  9:30  Stalker  
  72  9:47  Probe (Chrono Boost)  
  72  9:50  Pylon  
  73  9:54  Pylon  
  73  9:57  Pylon, Probe (Chrono Boost)  
  74  10:05  Fleet Beacon  
  74  10:08  Probe (Chrono Boost)  
  74  10:09  Forge  
  75  10:15  Twilight Council  
  75  10:19  Gateway  
  75  10:27  Robotics Bay  
  75  10:41  Stalker x2  
  75  10:42  Stalker  
  81  10:50  Immortal  
  85  10:58  Probe (Chrono Boost)  
  86  11:22  Stalker x2  
  86  11:23  Stalker x2  
  92  11:29  Tempest  
  96  11:35  Pylon  
  96  11:37  Pylon  
  96  11:47  Stargate  
  94  11:55  Stargate  
  94  12:00  Probe (Chrono Boost)  
  91  12:12  Probe (Chrono Boost)  
  91  12:15  Stalker x3  
  98  12:26  Assimilator  
  98  12:31  Probe (Chrono Boost)  
  97  12:42  Stalker x3  
  97  12:43  Probe (Chrono Boost)  
  80  12:55  Probe (Chrono Boost)  
  59  13:03  Stalker x2  
  54  13:10  Stalker x2  
  50  13:25  Stalker  
  50  13:26  Stalker x2  
  54  13:47  Sentry  
  52  13:49  Nexus  
  52  13:53  Assimilator  
  50  13:58  Assimilator  
  50  14:28  Stargate  
  32  14:42  Stalker x3  
Show
View Real Time Build Order
Export as new Build Order

Python Protoss - Winner!

Build Orders:  

Get SALT Encoding   

  12  0:01  Probe (Chrono Boost)  
  13  0:14  Probe (Chrono Boost)  
  14  0:22  Pylon  
  14  0:29  Probe (Chrono Boost)  
  15  0:40  Probe (Chrono Boost)  
  16  1:10  Gateway  
  16  1:16  Probe (Chrono Boost)  
  17  1:30  Nexus  
  17  1:33  Pylon  
  17  1:52  Probe (Chrono Boost)  
  18  1:54  Assimilator  
  18  2:02  Probe (Chrono Boost)  
  19  2:13  Probe (Chrono Boost)  
  20  2:22  Gateway  
  20  2:23  Gateway, Probe (Chrono Boost)  
  21  2:33  Pylon  
  21  2:36  Pylon  
  21  2:37  Pylon  
  21  2:49  Cybernetics Core  
  21  2:52  Probe (Chrono Boost)  
  22  2:59  Zealot  
  22  3:02  Probe (Chrono Boost)  
  25  3:10  Zealot x2  
  29  3:13  Probe (Chrono Boost)  
  30  3:24  Probe x2 (Chrono Boost)  
  30  3:26  Zealot  
  34  3:37  Warp Gate, Zealot  
  36  3:50  Mothership Core (Chrono Boost)  
  38  3:57  Gateway  
  38  4:26  Zealot x3  
  38  4:53  Zealot x3  
  38  4:54  Zealot  
  46  5:20  Zealot x3  
  50  5:41  Zealot  
  46  5:47  Zealot x2  
  48  6:00  Probe (Chrono Boost)  
  48  6:01  Probe (Chrono Boost)  
  50  6:07  Pylon  
  50  6:10  Probe (Chrono Boost)  
  51  6:11  Robotics Facility  
  51  6:13  Probe (Chrono Boost)  
  52  6:21  Stalker  
  54  6:26  Assimilator  
  54  6:28  Probe (Chrono Boost)  
  54  6:30  Probe (Chrono Boost)  
  54  6:32  Assimilator  
  56  6:35  Stalker x3  
  56  6:39  Probe (Chrono Boost)  
  63  6:42  Probe (Chrono Boost)  
  62  6:49  Stalker  
  64  7:05  Probe (Chrono Boost)  
  64  7:06  Stalker x2, Probe (Chrono Boost)  
  64  7:07  Stalker  
  73  7:15  Probe (Chrono Boost)  
  73  7:18  Probe (Chrono Boost)  
  73  7:37  Observer  
  73  7:45  Pylon  
  73  7:48  Twilight Council  
  73  7:52  Stalker x2  
  77  8:05  Pylon  
  77  8:08  Pylon  
  77  8:09  Pylon  
  77  8:10  Pylon  
  77  8:12  Pylon  
  71  8:22  Stalker x3  
  71  8:23  Stalker  
  77  8:30  Immortal  
  81  8:48  Zealot x3  
  81  8:49  Zealot  
  81  8:50  Nexus  
  81  8:52  Pylon  
  81  8:54  Assimilator  
  89  8:59  Assimilator  
  89  9:07  Probe (Chrono Boost)  
  89  9:09  Immortal  
  94  9:18  Probe (Chrono Boost)  
  95  9:28  Probe (Chrono Boost)  
  90  9:44  Stargate  
  90  9:45  Stargate  
  90  9:51  Stalker x3  
  90  9:52  Stalker  
  98  9:54  Observer, Blink  
  99  10:15  Immortal  
  99  10:19  Probe x2 (Chrono Boost)  
  99  10:20  Probe (Chrono Boost)  
  106  10:29  Probe x2 (Chrono Boost)  
  106  10:31  Phoenix x2  
  112  10:37  Stalker x2  
  114  10:56  Phoenix  
  114  10:57  Phoenix  
  116  11:12  Stalker x3  
  122  11:26  Immortal  
  122  11:29  Void Ray  
  122  11:32  Stalker  
  132  11:41  Forge  
  132  11:43  Forge  
  132  12:05  Immortal  
  136  12:21  Pylon  
  136  12:23  Pylon  
  132  12:54  Stalker x2  
  130  13:04  Stalker x2  
  132  13:41  Pylon  
  132  13:42  Pylon x2  
  132  13:45  Pylon  
  132  13:51  Probe (Chrono Boost)  
  133  13:59  Probe x2 (Chrono Boost)  
  133  14:01  Stalker x3  
  133  14:02  Stalker  
  143  14:07  Warp Prism  
  137  14:42  Nexus  
  137  14:46  Pylon  
Tags
 
Add a new tag
Caveats
  • Supply blocks, unpowered buildings, or Contaminate may cause inaccurate times.
  • Supply counts are checked every 10 seconds.